 Dungeon Crawl Stone Soup version 0.28-a0-704-g4d584c6bc1 (webtiles) character file.

Game seed: 16361927071061227745

962 Gargoyl the Skirmisher (level 8, -1/67 HPs)
             Began as a Gnoll Abyssal Knight on Oct 24, 2021.
             Was a Believer of Lugonu.
             Slain by a gnoll sergeant (7 damage)
             ... on level 5 of the Dungeon.
             The game lasted 00:05:50 (5645 turns).

Gargoyl the Skirmisher (Gnoll Abyssal Knight)       Turns: 5645, Time: 00:05:51

Health: -1/67      AC: 16    Str: 16    XL:     8   Next: 15%
Magic:  12/12      EV:  6    Int:  9    God:    Lugonu [**....]
Gold:   63         SH:  0    Dex: 12    Spells: 13/13 levels left

rFire   . . .      SeeInvis .   h - +0 hand axe (elec)
rCold   . . .      Faith    .   (no shield)
rNeg    . . .      Spirit   .   b - +0 plate armour
rPois   .          Reflect  .   (no helmet)
rElec   .          Harm     .   (no cloak)
rCorr   .          Rampage  .   (no gloves)
Will    .....                   (no boots)
Stlth   ..........              (no amulet)
HPRegen 0.21/turn               c - +4 ring of protection
MPRegen 0.13/turn               (no ring)

@: no status effects
A: fangs 1, strong nose, distributed training
a: Renounce Religion, Depart the Abyss, Bend Space


You were on level 5 of the Dungeon.
You worshipped Lugonu.
Lugonu was pleased with you.
You visited 1 branch of the dungeon, and saw 5 of its levels.
You visited the Abyss 1 time.

You collected 123 gold pieces.
You spent 60 gold pieces at shops.

Inventory:

Hand Weapons
 a - a +1 hand axe
 h - a +0 hand axe of electrocution (weapon)
Armour
 b - a +0 plate armour (worn)
Jewellery
 c - a +4 ring of protection (left hand)
Wands
 g - a wand of acid (4)
Scrolls
 f - 4 scrolls of holy word
Potions
 d - 2 potions of flight


   Skills:
 + Level 7.2 Fighting
 + Level 3.0 Short Blades
 + Level 3.0 Long Blades
 + Level 5.5 Axes
 + Level 3.0 Maces & Flails
 + Level 3.0 Polearms
 + Level 3.0 Staves
 + Level 3.0 Slings
 + Level 3.0 Bows
 + Level 3.0 Crossbows
 + Level 3.0 Throwing
 + Level 5.5 Armour
 + Level 4.0 Dodging
 + Level 3.0 Stealth
 + Level 3.0 Shields
 + Level 3.0 Unarmed Combat
 + Level 3.0 Spellcasting
 + Level 2.4 Conjurations
 + Level 2.4 Hexes
 + Level 2.4 Summonings
 + Level 2.4 Necromancy
 + Level 2.4 Translocations
 + Level 2.4 Transmutations
 + Level 2.4 Fire Magic
 + Level 2.4 Ice Magic
 + Level 2.4 Air Magic
 + Level 2.4 Earth Magic
 + Level 2.4 Poison Magic
 + Level 5.7 Invocations
 + Level 3.0 Evocations


You had 13 spell levels left.
You didn't know any spells.
Your spell library contained the following spells:

 Spells                   Type           Power      Damage    Failure   Level
 Magic Dart               Conj           20%        1d4       99%         1
 Ensorcelled Hibernation  Hex/Ice        10%        N/A       100%        2
 Searing Ray              Conj           10%        2d4       100%        2
 Call Canine Familiar     Summ           5%         N/A       100%        3
 Frozen Ramparts          Ice            10%        1d3       100%        3
 Portal Projectile        Hex/Tloc       10%        N/A       100%        3
 Spider Form              Tmut/Pois      2%         N/A       100%        3
 Tukima's Dance           Hex            5%         N/A       100%        3
 Fulminant Prism          Conj/Hex       2%         3d6       100%        4
 Ice Form                 Ice/Tmut       5%         N/A       100%        4
 Leda's Liquefaction      Hex/Erth       2%         N/A       100%        4
 Summon Ice Beast         Ice/Summ       5%         N/A       100%        4


Dungeon Overview and Level Annotations

Branches:
Dungeon (5/15)             Temple (0/1) D:4

Altars:
Makhleb
Zin

Shops:
D:1 [   D:4 *

Annotations:
D:5 4 runed translucent doors


Innate Abilities, Weirdness & Mutations

You have very sharp teeth.
Your uncanny sense of smell can sniff out nearby items.
Your experience applies equally to all skills.


Message History

The gnoll sergeant is lightly wounded.
The gnoll sergeant hits you with the +8 dire flail "Solir" {freeze, Fly rElec rN++ Stlth+}!
The gnoll sergeant freezes you.
You hit the gnoll sergeant. You bite the gnoll sergeant.
The gnoll sergeant is moderately wounded.
The gnoll sergeant hits you with the +8 dire flail "Solir" {freeze, Fly rElec rN++ Stlth+}.
The gnoll sergeant freezes you.
You barely miss the gnoll sergeant.
The gnoll sergeant is moderately wounded.
The gnoll sergeant barely misses you.
You hit the gnoll sergeant.
The gnoll sergeant is moderately wounded.
The gnoll sergeant hits you with the +8 dire flail "Solir" {freeze, Fly rElec rN++ Stlth+}!
The gnoll sergeant freezes you.
You hit the gnoll sergeant.
You bite the gnoll sergeant, but do no damage.
The gnoll sergeant is heavily wounded.
The gnoll sergeant hits you with the +8 dire flail "Solir" {freeze, Fly rElec rN++ Stlth+}!
* * * LOW HITPOINT WARNING * * *
The gnoll sergeant freezes you.
* * * LOW HITPOINT WARNING * * *
Okay, then.
You completely miss the gnoll sergeant.
The gnoll sergeant is heavily wounded.
The gnoll sergeant hits you with the +8 dire flail "Solir" {freeze, Fly rElec rN++ Stlth+}!
* * * LOW HITPOINT WARNING * * *
The gnoll sergeant freezes you.
* * * LOW HITPOINT WARNING * * *
Okay, then.
Okay, then.
The gnoll sergeant hits you with the +8 dire flail "Solir" {freeze, Fly rElec rN++ Stlth+}.
* * * LOW HITPOINT WARNING * * *
The gnoll sergeant freezes you.
* * * LOW HITPOINT WARNING * * *
You see here a howler monkey corpse.
Unknown command.
You hit the gnoll sergeant but do no damage.
The gnoll sergeant is heavily wounded.
The gnoll sergeant hits you with the +8 dire flail "Solir" {freeze, Fly rElec rN++ Stlth+}!
You die...

...# ##### ...#
#...Z##..# ∆ ###g#..#
##.#@#..##########
#.##.#...#.......# ∆
∆##.#)#...#.......#
#...##...#.......#
#'###....#.......#
######........'.......#
#8|)8##...##..#.......#
.#8....8#.#+##..###'#####
.+.....O+.............#


You could see a gnoll sergeant and a water moccasin skeleton.

Vanquished Creatures
  An acid dragon (D:5)
  A water moccasin (D:5)
  An ogre (D:3)
  A phantom (D:5)
  2 centaurs (D:5)
  A kobold brigand (D:5)
  A scorpion (D:5)
  A howler monkey (D:5)
  An iguana (D:5)
  3 orc wizards
  A hound skeleton (D:3)
  3 gnolls (D:2)
  3 adders
  A white imp (D:3)
  2 worms (D:2)
  5 dart slugs
  13 orcs
  A ball python (D:1)
  3 bats
  7 endoplasms
  3 giant cockroaches
  7 hobgoblins
  2 jackals (D:3)
  3 quokkas
  4 frilled lizards
  3 goblins
  5 kobolds
  8 rats
87 creatures vanquished.

Notes
Turn   | Place    | Note
-------+----------+-------------------------------------------
     0 | Abyss:1  | Gargoyl the Gnoll Abyssal Knight began the quest for the
                  | Orb.
     0 | Abyss:1  | Reached XP level 1. HP: 23/23 MP: 3/3
    55 | Abyss:2  | Found a corrupted altar of Lugonu.
    84 | Abyss:2  | Noticed a large abomination
    86 | Abyss:2  | Noticed a starcursed mass
    88 | D:1      | Escaped the Abyss
   341 | D:1      | Reached XP level 2. HP: 29/29 MP: 5/5
   725 | D:1      | Reached * piety under Lugonu
   980 | D:1      | Found Kuilue's Antique Armour Boutique.
  1089 | D:1      | Reached XP level 3. HP: 35/35 MP: 6/6
  1774 | D:2      | Reached skill level 1 in Short Blades
  1774 | D:2      | Reached skill level 1 in Long Blades
  1774 | D:2      | Reached skill level 1 in Maces & Flails
  1774 | D:2      | Reached skill level 1 in Polearms
  1774 | D:2      | Reached skill level 1 in Staves
  1774 | D:2      | Reached skill level 1 in Slings
  1774 | D:2      | Reached skill level 1 in Bows
  1774 | D:2      | Reached skill level 1 in Crossbows
  1774 | D:2      | Reached skill level 1 in Throwing
  1774 | D:2      | Reached skill level 1 in Stealth
  1774 | D:2      | Reached skill level 1 in Shields
  1774 | D:2      | Reached skill level 1 in Unarmed Combat
  1774 | D:2      | Reached skill level 1 in Spellcasting
  1774 | D:2      | Reached skill level 1 in Evocations
  1829 | D:2      | Reached XP level 4. HP: 25/41 MP: 7/7
  2705 | D:2      | Reached skill level 1 in Conjurations
  2705 | D:2      | Reached skill level 1 in Hexes
  2705 | D:2      | Reached skill level 1 in Summonings
  2705 | D:2      | Reached skill level 1 in Necromancy
  2705 | D:2      | Reached skill level 1 in Translocations
  2705 | D:2      | Reached skill level 1 in Transmutations
  2705 | D:2      | Reached skill level 1 in Fire Magic
  2705 | D:2      | Reached skill level 1 in Ice Magic
  2705 | D:2      | Reached skill level 1 in Air Magic
  2705 | D:2      | Reached skill level 1 in Earth Magic
  2705 | D:2      | Reached skill level 1 in Poison Magic
  2974 | D:3      | Reached XP level 5. HP: 47/47 MP: 8/8
  3371 | D:3      | Reached ** piety under Lugonu
  3389 | D:3      | Noticed an ogre
  3906 | D:3      | Killed an ogre
  3907 | D:3      | Reached skill level 5 in Invocations
  3907 | D:3      | Reached XP level 6. HP: 53/53 MP: 9/9
  4268 | D:4      | Found a staircase to the Ecumenical Temple.
  4290 | D:4      | Found a glowing silver altar of Zin.
  4290 | D:4      | Found a burning altar of Makhleb.
  4291 | D:4      | Noticed a blizzard demon
  4291 | D:4      | Noticed an angel
  4316 | D:4      | Found Moptol's General Store.
  4325 | D:4      | Bought a potion of heal wounds for 60 gold pieces
  4348 | D:4      | You fall into a shaft and drop 1 floor!
  4348 | D:5      | Entered Level 5 of the Dungeon
  4356 | D:5      | Reached skill level 5 in Axes
  4356 | D:5      | Reached skill level 5 in Armour
  4508 | D:5      | Noticed a water moccasin
  4534 | D:5      | Killed a water moccasin
  4535 | D:5      | Reached XP level 7. HP: 13/59 MP: 10/10
  4792 | D:5      | Reached skill level 7 in Fighting
  5563 | D:5      | Found a large runed translucent door.
  5563 | D:5      | Noticed a troll
  5563 | D:5      | Noticed a two-headed ogre
  5564 | D:5      | Found a large runed translucent door.
  5567 | D:5      | Found a large runed translucent door.
  5567 | D:5      | Found a large runed translucent door.
  5619 | D:5      | Reached XP level 8. HP: 50/67 MP: 12/12
  5636 | D:5      | Identified the +8 dire flail "Solir" {freeze, Fly rElec
                  | rN++ Stlth+}
  5645 | D:5      | Slain by a gnoll sergeant

Illustrated notes

Levels and vault maps discovered:
D:1:      evilmike_arrival_come_back, layout_basic, serial_shops, shop
D:2:      layout_basic
D:3:      layout_loops_ring, kennysheep_potato
D:4:      layout_rooms, grunt_temple_overflow_order_and_chaos_2,
          grunt_temple_overflow_cloverleaf, temple_hall, serial_shops,
          nicolae_lakefront_shop
D:5:      layout_gridville, st_stairs_1, minmay_hollow_rounded_squares

Skill      XL: |  1  2  3  4  5  6  7  8 |
---------------+-------------------------+-----
Short Blades   | 1 2 3 |  3.0
Long Blades    | 1 2 3 |  3.0
Maces & Flails | 1 2 3 |  3.0
Polearms       | 1 2 3 |  3.0
Staves         | 1 2 3 |  3.0
Slings         | 1 2 3 |  3.0
Bows           | 1 2 3 |  3.0
Crossbows      | 1 2 3 |  3.0
Throwing       | 1 2 3 |  3.0
Stealth        | 1 2 3 |  3.0
Shields        | 1 2 3 |  3.0
Unarmed Combat | 1 2 3 |  3.0
Spellcasting   | 1 2 3 |  3.0
Evocations     | 1 2 3 |  3.0
Conjurations   | 1 2 |  2.4
Hexes          | 1 2 |  2.4
Summonings     | 1 2 |  2.4
Necromancy     | 1 2 |  2.4
Translocations | 1 2 |  2.4
Transmutations | 1 2 |  2.4
Fire Magic     | 1 2 |  2.4
Ice Magic      | 1 2 |  2.4
Air Magic      | 1 2 |  2.4
Earth Magic    | 1 2 |  2.4
Poison Magic   | 1 2 |  2.4
Dodging        | 3 4 |  4.0
Invocations    | 5 |  5.7
Axes           | 5 |  5.5
Armour         | 5 |  5.5
Fighting       | 7 |  7.2

Action                   |  1- 3 |  4- 6 |  7- 9 || total
-------------------------+-------+-------+-------++-------
Melee: Hand axe          |   124 |   184 |    83 ||   391
       Bite              |    10 |    20 |     7 ||    37
Invok: Depart the Abyss  |     1 |       |       ||     1
Evoke: Wand              |       |     1 |     4 ||     5
  Use: Potion            |     1 |     2 |     4 ||     7
       Scroll            |     3 |     6 |       ||     9
Armor: Plate armour      |   112 |   145 |    88 ||   345
       Skin              |       |     3 |       ||     3
Dodge: Dodged            |    30 |    42 |    25 ||    97

Table legend: (Time is in decaauts)
 A = Elapsed time spent in this place.
 B = Non-inter-level travel time spent in this place.
 C = Inter-level travel time spent in this place.
 D = Time resting spent in this place.
 E = Time spent auto-exploring this place.
 F = Levels seen in this place.
 G = Mean time per level.
                   A        B        C        D        E       F      G
               +--------+--------+--------+--------+--------+-----+--------+
         Total |   5654 |   5519 |    135 |    525 |   4025 |   7 |  807.7 |
       Dungeon |   5567 |   5432 |    135 |    525 |   4003 |   5 | 1113.4 |
         Abyss |     87 |     87 |      0 |      0 |     22 |   2 |   43.5 |
               +--------+--------+--------+--------+--------+-----+--------+

Top non-repeatable levels by time:
     D:2: 1596 daAuts
     D:1: 1369 daAuts
     D:5: 1287 daAuts
     D:3: 1012 daAuts
     D:4: 300 daAuts
 Abyss:2: 47 daAuts
 Abyss:1: 40 daAuts
